 Dungeon Crawl Stone Soup version 0.29.1-13-g9f3cf754e1 (webtiles) character file.

Game seed: 6331128300226522885

129 javelincjr the Magician (level 4, -15/24 HPs)
             Began as a Deep Elf Air Elementalist on Jan 21, 2023.
             Demolished by an ogre
             ... wielding a +0 giant spiked club
              (18 damage)
             ... on level 4 of the Dungeon.
             The game lasted 00:16:24 (3207 turns).

javelincjr the Magician (Deep Elf Air Elementalist) Turns: 3207, Time: 00:16:25

Health: -15/24     AC:  3    Str:  5    XL:     4   Next: 88%
Magic:  7/12       EV: 13    Int: 22    God:
Gold:   145        SH:  4    Dex: 21    Spells: 4/11 levels left

rFire   . . .      SeeInvis .   d - +2 short sword (venom)
rCold   . . .      Faith    .   s - +0 buckler
rNeg    . . .      Spirit   .   a - +0 robe
rPois   .          Reflect  .   (no helmet)
rElec   .          Harm     .   (no cloak)
rCorr   .          Rampage  .   (no gloves)
Will    +....                   f - +0 pair of boots
Stlth   ++........              (no amulet)
HPRegen 0.08/turn               v - ring of willpower
MPRegen 0.13/turn               w - +6 ring of dexterity

@: swift, very slow
A: no striking features
a: no special abilities


You were on level 4 of the Dungeon.
You visited 1 branch of the dungeon, and saw 4 of its levels.

You collected 145 gold pieces.

Inventory:

Hand Weapons
 d - a +2 short sword of venom (weapon)
Missiles
 e - 9 poisoned darts
 l - 2 javelins
 o - a throwing net
Armour
 a - a +0 robe (worn)
 f - a +0 pair of boots (worn)
 s - a +0 buckler (worn)
Magical Staves
 p - a staff of poison
Jewellery
 v - a ring of willpower (left hand)
 w - a +6 ring of dexterity (right hand)
Wands
 t - a wand of roots (8)
Scrolls
 c - 2 scrolls of identify {unknown}
 g - 2 scrolls of summoning {unknown}
 i - 2 scrolls of teleportation {unknown}
 n - a scroll of blinking {unknown}
 q - a scroll of silence {unknown}
 u - a scroll of enchant armour {unknown}
Potions
 b - 2 potions of magic
 h - a potion of curing
 j - a potion of brilliance {unknown}
 k - a potion of degeneration {unknown}
 m - a potion of ambrosia {unknown}
 r - a potion of haste {unknown}


   Skills:
 + Level 0.3 Short Blades
 + Level 2.6 Dodging
 + Level 3.3 Stealth
 + Level 4.4 Spellcasting
 + Level 1.6 Conjurations
 + Level 4.3 Air Magic


You had 4 spell levels left.
You knew the following spells:

 Your Spells              Type           Power      Damage    Failure   Level
a - Shock                 Conj/Air       72%        1d7       4%          1
b - Static Discharge      Conj/Air       18%        3-6/arc   6%          2
c - Swiftness             Air            24%        N/A       8%          3
d - Foxfire               Conj/Fire      32%        2x1d5     11%         1

Your spell library contained the following spells:

 Spells                   Type           Power      Damage    Failure   Level
 Apportation              Tloc           8%         N/A       14%         1
 Airstrike                Air            12%        2d(2-18)  24%         4
 Conjure Flame            Conj/Fire      8%         6-21      30%         3
 Inner Flame              Hex/Fire       4%         N/A       41%         3
 Flame Wave               Conj/Fire      8%         2d5       71%         4
 Alistair's Intoxication  Tmut/Pois      2%         N/A       99%         5


Dungeon Overview and Level Annotations

Branches:
Dungeon (4/15)
 Temple: D:4-7

Altars:
Hepliaklqana
Makhleb
Vehumet

Shops:
D:1 [


Message History

The foxfire hits the ogre.
The ogre is lightly wounded.
The ogre shouts!
You hear a shout!
Casting: Foxfire (safe; 11% risk of failure)
Confirm with . or Enter, or press ? or * to list all spells.
You conjure some foxfire!
The foxfire hits the ogre.
The ogre is lightly wounded.
The foxfire hits the ogre.
The ogre is lightly wounded.
The foxfire hits the ogre.
The ogre is moderately wounded.
Casting: Foxfire (safe; 11% risk of failure)
Confirm with . or Enter, or press ? or * to list all spells.
You conjure some foxfire!
Unknown command.
The foxfire hits the ogre.
The ogre is moderately wounded.
The foxfire hits the ogre.
The ogre is heavily wounded.
Casting: Foxfire (safe; 11% risk of failure)
Confirm with . or Enter, or press ? or * to list all spells.
You conjure some foxfire!
The ogre misses you.
Your foxfire dissipates!
The foxfire hits the ogre.
The ogre is heavily wounded.
Casting: Foxfire (safe; 11% risk of failure)
Confirm with . or Enter, or press ? or * to list all spells.
The spell is quite dangerous to miscast (8% risk of failure)!
Continue anyway?
You feel quick.
The ogre hits you with a +0 giant spiked club!!
Ouch! That really hurt!
* * * LOW HITPOINT WARNING * * *
You enter the shallow water.
Moving in this stuff is going to be slow.
You enter the shallow water.
Moving in this stuff is going to be slow.
The ogre attacks as you move away! The ogre closely misses you.
The ogre hits you with a +0 giant spiked club!!
Ouch! That really hurt!
You die...

P. ♣♣. ♣P~♣ ♣~.♣
♣♣♣♣~♣♣♣♣♣♣#####
~♣♣~♣~~.P.~♣♣....#
.~~~~.~~~~~~..##.#
P♣P~~~@♣PP..<#.#
♣♣♣~O♣♣♣♣♣###.#
♣♣~♣♣ #...# ♣P.♣
♣####.###
♣♣~♣♣#........#
♣.~♣#.#####.##
#.....# ...
####### ... .....


You could see an ogre.

Vanquished Creatures
  Ijyb (D:3)
  4 adders
  A worm (D:3)
  2 dart slugs
  2 orcs (D:3)
  7 ball pythons
  3 endoplasms
  3 giant cockroaches
  3 goblins
  7 hobgoblins
  8 jackals
  5 bats
  3 frilled lizards
  7 kobolds
  3 rats
59 creatures vanquished.

Vanquished Creatures (others)
  7 foxfires (D:4)
  A plant (D:4)
8 creatures vanquished.

Grand Total: 67 creatures vanquished

Notes
Turn   | Place    | Note
-------+----------+-------------------------------------------
     0 | D:1      | javelincjr the Deep Elf Air Elementalist began the quest
                  | for the Orb.
     0 | D:1      | Reached XP level 1. HP: 10/10 MP: 6/6
   260 | D:1      | Found a faded altar of an unknown god.
   494 | D:1      | Reached XP level 2. HP: 4/15 MP: 6/8
   860 | D:1      | Found Reuhoot's Armour Emporium.
  1560 | D:2      | Learned a level 2 spell: Static Discharge
  1615 | D:2      | Reached XP level 3. HP: 16/19 MP: 5/10
  2070 | D:2      | Reached XP level 4. HP: 24/24 MP: 9/12
  2267 | D:3      | Found a burning altar of Makhleb.
  2267 | D:3      | Found a radiant altar of Vehumet.
  2267 | D:3      | Found a hazy altar of Hepliaklqana.
  2391 | D:3      | Noticed Ijyb
  2397 | D:3      | Killed Ijyb
  3152 | D:4      | Noticed an ogre
  3159 | D:4      | Learned a level 3 spell: Swiftness
  3161 | D:4      | Learned a level 1 spell: Foxfire
  3207 | D:4      | Demolished by an ogre

Illustrated notes

Levels and vault maps discovered:
D:1:      dpeg_arrival_fog, layout_basic, serial_shops, shop,
          basic_ecumenical_altar
D:2:      minmay_chambers_of_twos, layout_rooms
D:3:      layout_loops_cross, grunt_temple_overflow_open, uniq_ijyb
D:4:      layout_basic, minmay_temple_entry_glassed_door, serial_shops,
          nicolae_shop_bloodbath_and_beyond, serial_bayou, serial_bayou_shore_b,
          serial_bayou_crossing, serial_bayou_pond_e, serial_bayou_pond_c,
          minmay_misc_feat_nine_boxes, uniq_duvessa, uniq_edmund, uniq_grinder

Skill      XL: |  1  2  3  4 |
---------------+-------------+-----
Stealth        | 3 |  3.3
Spellcasting   | 4 |  4.4
Air Magic      | 4 |  4.3
Short Blades   | |  0.3
Dodging        | |  2.6
Conjurations   | |  1.6

Action                   |  1- 3 |  4- 6 || total
-------------------------+-------+-------++-------
Melee: Short sword       |    14 |    13 ||    27
       Punch             |     1 |       ||     1
 Cast: Shock             |    49 |    28 ||    77
       Static Discharge  |     4 |     5 ||     9
       Foxfire           |       |     4 ||     4
       Swiftness         |       |     1 ||     1
 Stab: Sleeping          |     2 |     4 ||     6
Armor: Robe              |     4 |     2 ||     6
Dodge: Dodged            |    15 |     8 ||    23
Block: Buckler           |       |     3 ||     3
